 Dungeon Crawl Stone Soup version 0.31-a0-182-gc5ef74bbde (webtiles) character file.

Game seed: 13971309415817632641

93 juan097 the Magician (level 4, -10/26 (33) HPs)
             Began as a Djinni Hedge Wizard on June 21, 2023.
             Mangled by an ogre
             ... wielding a +0 giant club
              (29 damage)
             ... on level 2 of the Dungeon.
             The game lasted 00:06:56 (1865 turns).

juan097 the Magician (Djinni Hedge Wizard)          Turns: 1865, Time: 00:06:56

HP:   -10/26 (33)   AC:  3    Str:  9    XL:     4   Next: 91%
Gold: 94            EV: 12    Int: 17    God:
                    SH:  0    Dex: 13

rFire   + . .        a - +0 dagger
rCold   . . .        (no shield)
rNeg    . . .        b - +0 robe
rPois   ∞            c - +0 hat
rElec   .            (no cloak)
rCorr   .            n - +0 pair of gloves
SInv    .            (boots unavailable)
Will    .....        (no amulet)
Stlth   ++           j - ring of ice
HPRegen 0.24/turn    (no ring)
MPRegen 0.00/turn

%: infuse magic (-11 HP)
@: flying, very slightly contaminated, heavily drained
A: sickness immunity, fire resistance 2, cold vulnerability 1, float, innate
caster, HP casting, extra vitality 1
a: no special abilities


You were on level 2 of the Dungeon.
You visited 1 branch of the dungeon, and saw 2 of its levels.

You collected 94 gold pieces.

Inventory:

Hand Weapons
 a - a +0 dagger (weapon)
 e - a +0 sling
 o - a +2 sling of flaming
Missiles
 f - 6 atropa-tipped darts
 k - 2 poisoned darts
Armour
 b - a +0 robe (worn)
 c - a +0 hat (worn)
 n - a +0 pair of gloves (worn)
Jewellery
 j - a ring of ice (left hand)
Scrolls
 g - a scroll of poison {unknown}
 i - a scroll of fog {unknown}
 l - a scroll of amnesia {unknown}
Potions
 d - 2 potions of curing {unknown}
 h - a potion of lignification {unknown}
 m - a potion of mutation {unknown}


   Skills:
 + Level 1.8 Fighting
 - Level 2.1 Dodging
 + Level 2.4 Stealth
 * Level 3.6 Spellcasting
 * Level 3.6 Conjurations
 * Level 3.6 Hexes
   Level 0.0 Charms
 * Level 3.6 Summonings
 * Level 3.6 Necromancy
 * Level 3.6 Translocations
 * Level 3.6 Transmutations
 * Level 3.6 Fire Magic
 * Level 3.6 Ice Magic
 * Level 3.6 Air Magic
 * Level 3.6 Earth Magic
 * Level 3.6 Poison Magic


You knew the following spells:

 Your Spells              Type           Power      Damage    Failure   Level
a - Magic Dart            Conj           60%        1d6       3%          1
b - Slow                  Hex            60%        N/A       3%          1
c - Blink                 Tloc           30%        N/A       5%          2
d - Call Imp              Summ           30%        N/A       5%          2
e - Mephitic Cloud        Conj/Pois/Air  15%        N/A       11%         3
f - Kiss of Death         Conj/Necr      60%        2d10      3%          1
Your spell library was empty.

Dungeon Overview and Level Annotations

Branches:
Dungeon (2/15)

Altars:


Innate Abilities, Weirdness & Mutations

You are immune to sickness and miasma.
You are immune to poison.
Your flesh is very heat resistant. (rF++)
You are vulnerable to cold. (rC-)
You float through the air rather than walking.
You learn spells naturally, not from books.
Your magical power is your life essence.
You have superior vitality. (+4 MHP)


Message History

The ogre is moderately wounded.
You miscast Magic Dart.
You are very lightly contaminated with residual magic.
Nothing appears to happen.
You see here a +0 club.
There is a stone staircase leading up here.
You miscast Magic Dart.
Nothing appears to happen.
The ogre seems less confused.
Casting: Magic Dart (safe; 3% risk of failure)
Confirm with . or Enter, or press ? or * to list all spells.
The spell is quite dangerous to miscast (11% risk of failure)!
Continue anyway?
Aiming: Mephitic Cloud (quite dangerous; 11% risk of failure)
Press: ? - help, Shift-Dir - straight line, f/p - ogre
Aim: an ogre, wielding a +0 giant club (lightly wounded, chance to affect: 77%)
The ball explodes into a vile cloud!
The stinking cloud engulfs the ogre but does no damage.
The ogre is lightly wounded.
The stinking cloud engulfs you but does no damage.
The ogre is engulfed in noxious fumes.
The ogre barely misses you.
Press: ? - help, v - describe, . - travel, g - get item
Here: an ogre, wielding a +0 giant club (noxious fumes, lightly wounded) Item here: a +0 club.
The floor, spattered with blood.
Casting: Mephitic Cloud (quite dangerous; 11% risk of failure)
Confirm with . or Enter, or press ? or * to list all spells.
Aiming: Kiss of Death (safe; 3% risk of failure)
Press: ? - help, Shift-Dir - straight line, f/p - ogre
Aim: an ogre, wielding a +0 giant club (noxious fumes, lightly wounded, 100% to hit)
The negative energy hits the ogre!
The ogre is drained!
The ogre is heavily wounded.
You feel drained.
The ogre is engulfed in noxious fumes.
The ogre appears confused.
The ogre says, "I'm a little confused."
The magic dart hits the ogre.
The ogre is heavily wounded.
The ogre is engulfed in noxious fumes.
The ogre appears confused.
The ogre is engulfed in noxious fumes.
The ogre appears confused.
The ogre hits you with a +0 giant club!!
Ouch! That really hurt!
You die...

#....#### #######
##########.....†># #.....#
#.'.#.#.#.....##.# #.....#
#.#.....##....##.# #.....#
#.###..###....##.# #.....##
#..#...[########.###.......
#.####..#####........<...##
#..#.####○°O.....##......#
#......))<@○#...##>......#
###########.)......#...).#
.#.g ###.####...##.## .#.
#.# #.#^..<### ###.. ####.#
#.#......# +... ###....#
#.#g####.# ###.. ##...####
#g#g# .# #...#
###....#######.#.# # #..#
#####....#...÷.......####.#


You could see an ogre (confused, drained).

Vanquished Creatures
  An adder (D:2)
  A worm (D:2)
  A dart slug (D:2)
  6 ball pythons
  8 endoplasms
  2 giant cockroaches
  14 goblins
  8 hobgoblins
  5 kobolds
  A quokka (D:1)
  5 bats
  6 rats
58 creatures vanquished.

Vanquished Creatures (collateral kills)
  Robin (D:2)
1 creature vanquished.

Grand Total: 59 creatures vanquished

Notes
Turn   | Place    | Note
-------+----------+-------------------------------------------
     0 | D:1      | juan097 the Djinni Hedge Wizard began the quest for the
                  | Orb.
     0 | D:1      | juan097 set off with the following spells memorised: Magic
                  | Dart, Slow, Blink, Call Imp, Mephitic Cloud.
     0 | D:1      | Reached XP level 1. HP: 15/15 MP: 0/0
   166 | D:1      | Reached XP level 2. HP: 20/22 MP: 0/0
   431 | D:1      | Reached XP level 3. HP: 25/26 MP: 0/0
   431 | D:1      | Learned a level 1 spell: Kiss of Death
   438 | D:1      | Reached skill level 1 in Fighting
  1379 | D:2      | Reached XP level 4. HP: 22/27 MP: 0/0
  1598 | D:2      | Noticed an ogre
  1657 | D:2      | Noticed Robin
  1705 | D:2      | Killed Robin
  1865 | D:2      | Mangled by an ogre

Illustrated notes

Levels and vault maps discovered:
D:1:      psy_arrival_radial02, layout_basic
D:2:      minmay_wonky_spiral, layout_rooms, serial_shops,
          nicolae_shop_hallway_plus, uniq_robin

Skill      XL: |  1  2  3 |
---------------+----------+-----
Spellcasting   | 3 |  3.6
Conjurations   | 3 |  3.6
Hexes          | 3 |  3.6
Summonings     | 3 |  3.6
Necromancy     | 3 |  3.6
Translocations | 3 |  3.6
Transmutations | 3 |  3.6
Fire Magic     | 3 |  3.6
Ice Magic      | 3 |  3.6
Air Magic      | 3 |  3.6
Earth Magic    | 3 |  3.6
Poison Magic   | 3 |  3.6
Fighting       | 1 |  1.8
Stealth        | 2 |  2.4
Dodging        | |  2.1

Action                     |  1- 3 |  4- 6 || total
---------------------------+-------+-------++-------
  Melee: Dagger            |       |     4 ||     4
   Cast: Magic Dart        |   104 |    51 ||   155
         Kiss of Death     |     1 |     1 ||     2
         Mephitic Cloud    |       |     6 ||     6
         Call Imp          |       |     1 ||     1
 Armour: Robe              |     3 |     7 ||    10
  Dodge: Dodged            |     8 |    16 ||    24

Table legend: (Time is in decaauts)
 A = Elapsed time spent in this place.
 B = Non-inter-level travel time spent in this place.
 C = Inter-level travel time spent in this place.
 D = Time resting spent in this place.
 E = Time spent auto-exploring this place.
 F = Levels seen in this place.
 G = Mean time per level.
                   A        B        C        D        E       F      G
               +--------+--------+--------+--------+--------+-----+--------+
         Total |   1868 |   1824 |     44 |      0 |   1423 |   2 |  934.0 |
       Dungeon |   1868 |   1824 |     44 |      0 |   1423 |   2 |  934.0 |
               +--------+--------+--------+--------+--------+-----+--------+

Top non-repeatable levels by time:
     D:1: 1244 daAuts
     D:2: 624 daAuts
